 Dungeon Crawl Stone Soup version 0.29.0-11-gd7f09526c8 (webtiles) character file.

Game seed: 14536464718047160959

58188 SensoryNuts the Fencer (level 14, -1/145 HPs)
             Began as a Demonspawn Fighter on Sept 3, 2022.
             Killed from afar by an acid blob (7 damage)
             ... with a splash of acid
             ... on level 1 of the Pits of Slime.
             The game lasted 00:28:21 (23612 turns).

SensoryNuts the Fencer (Demonspawn Fighter)        Turns: 23612, Time: 00:28:22

Health: -1/145     AC: 22    Str: 18    XL:     14   Next: 48%
Magic:  14/14      EV: 17    Int:  9    God:
Gold:   1328       SH: 22    Dex: 15    Spells: 13/13 levels left

rFire   . . .      SeeInvis .   L - +2 demon blade (vamp)
rCold   . . .      Faith    .   s - +0 kite shield
rNeg    . . .      Spirit   .   q - +18 Lear's hauberk
rPois   .          Reflect  +   (helmet currently unavailable)
rElec   .          Harm     .   I - +1 cloak of Starlight {*Dazzle EV+4 Stlth--}
rCorr   .          Rampage  .   (gloves currently unavailable)
Will    +....      Rage     9%  (boots unavailable)
Stlth   ..........              E - amulet of reflection
HPRegen 0.34/turn               m - +4 ring of evasion
MPRegen 0.14/turn               c - +4 ring of protection

@: berserking, corroded, very quick
A: hooves 3, slimy green scales 2, foul stench 3, powered by pain 2, large bone
plates 1, berserk 2, clumsy 1, deformed body, frail 1, subdued magic 1,
inability to drink after injury 1, MP-powered wands
a: no special abilities


You were on level 1 of the Pits of Slime.
You visited 3 branches of the dungeon, and saw 18 of its levels.
You also visited: Bailey.

You collected 2151 gold pieces.
You spent 823 gold pieces at shops.

Inventory:

Hand Weapons
 a - a +4 long sword of venom
 L - a +2 vampiric demon blade (weapon)
Armour
 e - a +1 cloak
 l - a scarf of repulsion
 q - the +18 Lear's hauberk (worn)
   (You found it on level 8 of the Dungeon)
 s - a +0 kite shield (worn)
 I - the +1 cloak of Starlight (worn) {*Dazzle EV+4 Stlth--}
   (You bought it in a shop on level 11 of the Dungeon)

   It may blind those who miss an attack against the wearer in melee combat.
   EV:        It affects your evasion (+4).
   Stlth:     It makes you much less stealthy.
Jewellery
 c - a +4 ring of protection (right hand)
 m - a +4 ring of evasion (left hand)
 D - a ring of ice
 E - an amulet of reflection (around neck)
 H - a ring of ice
 O - a ring of wizardry
Wands
 g - a wand of iceblast (16)
 k - a wand of mindburst (9)
 o - a wand of flame (30) (quivered)
 y - a wand of charming (11)
 F - a wand of digging (6)
 M - a wand of light (5)
Scrolls
 b - 4 scrolls of teleportation
 h - 3 scrolls of blinking
 j - 3 scrolls of enchant armour
 n - 3 scrolls of poison
 t - 4 scrolls of fear
 x - 2 scrolls of vulnerability
 C - 3 scrolls of amnesia
 G - 2 scrolls of identify
 Q - a scroll of summoning
Potions
 d - 3 potions of curing
 f - 4 potions of attraction
 i - 2 potions of brilliance
 r - a potion of mutation
 v - 2 potions of haste
 w - a potion of flight
 z - 2 potions of degeneration
 A - a potion of cancellation
 B - a potion of magic
 J - a potion of ambrosia
 K - 2 potions of might
 P - 2 potions of heal wounds


   Skills:
 + Level 9.4 Fighting
 * Level 16.0 Long Blades
 + Level 9.6 Armour
 + Level 5.5 Dodging
 + Level 3.2 Stealth
 + Level 13.9 Shields
 + Level 0.7 Evocations


You had 13 spell levels left.
You didn't know any spells.
Your spell library contained the following spells:

 Spells                   Type           Power      Damage    Failure   Level
 Apportation              Tloc           0%         N/A       99%         1
 Necrotise                Necr           0%         1d4       99%         1
 Summon Small Mammal      Summ           0%         N/A       99%         1
 Poisonous Vapours        Pois/Air       0%         N/A       100%        2
 Sublimation of Blood     Necr           0%         N/A       100%        2
 Wereblood                Tmut           0%         N/A       100%        2
 Call Canine Familiar     Summ           0%         N/A       100%        3
 Dazzling Flash           Conj/Hex       0%         N/A       100%        3
 Gell's Gravitas          Tloc           0%         N/A       100%        3
 Ignite Poison            Fire/Tmut/Pois 0%         N/A       100%        3
 Lesser Beckoning         Tloc           0%         N/A       100%        3
 Mephitic Cloud           Conj/Pois/Air  0%         N/A       100%        3
 Ozocubu's Armour         Ice            0%         N/A       100%        3
 Summon Guardian Golem    Hex/Summ       0%         N/A       100%        3
 Teleport Other           Tloc           0%         N/A       100%        3
 Tukima's Dance           Hex            0%         N/A       100%        3
 Cause Fear               Hex            0%         N/A       100%        4
 Corpse Rot               Necr/Pois/Air  0%         N/A       100%        4
 Passage of Golubria      Tloc           0%         N/A       100%        4
 Petrify                  Tmut/Erth      0%         N/A       100%        4
 Agony                    Necr           0%         N/A       100%        5
 Freezing Cloud           Conj/Ice/Air   0%         6-21      100%        5
 Metabolic Englaciation   Hex/Ice        0%         N/A       100%        5
 Silence                  Hex/Air        0%         N/A       100%        5
 Yara's Violent Unravell  Hex/Tmut       0%         3d3       100%        5
 Statue Form              Tmut/Erth      0%         N/A       100%        6
 Dragon Form              Tmut           0%         N/A       100%        7
 Ozocubu's Refrigeration  Ice            0%         4d7       100%        7
 Summon Hydra             Summ           0%         N/A       100%        7
 Dragon's Call            Summ           0%         N/A       100%        9


Dungeon Overview and Level Annotations

Branches:
Dungeon (12/15)            Temple (0/1) D:7            Lair (4/5) D:11
 Shoals (0/4) Lair:3        Snake (0/4) Lair:2        Slime (2/5) Lair:4
    Orc (0/2) D:10         Bailey (visited)

Altars:
Qazlal
Vehumet
Yredelemnul

Shops:
D:8 :   D:11 [([*

Annotations:
D:12 Rupert
Lair:3 3 runed translucent doors, Daunt's ghost, journeyman TrBe


Innate Abilities, Weirdness & Mutations

You have hooves in place of feet.
You are mostly covered in slimy green scales. (AC +3)
You frequently emit foul miasma when damaged in melee.
You sometimes gain power by taking damage.
You are partially covered in large bone plates. (SH +4)
You have an uncontrollable temper.
You are clumsy. (Dex -2)
Armour fits poorly on your strangely shaped body.
You are frail. (-10% HP)
Your spells are a little easier to cast, but a little less powerful.
You occasionally lose the ability to drink potions when taking damage.
You expend magic power (3 MP) to strengthen your wands.


Message History

You block the acid blob's attack. The slime creature closely misses you.
A red film seems to cover your vision as you go berserk!
You feel yourself moving faster!
You feel mighty!
You slash the acid blob! The acid corrodes you!
Your hands burn!
You kick the acid blob!
The acid blob is heavily wounded.
The acid blob spits acid at you. The splash of acid hits you.
You are too berserk!
You barely miss the acid blob.
The acid blob is heavily wounded.
The slime creature hits you!
* * * LOW HITPOINT WARNING * * *
You hit the acid blob.
You feel better.
Your hands burn!
* * * LOW HITPOINT WARNING * * *
The acid blob is heavily wounded.
You block the acid blob's attack.
You barely miss the acid blob. Your kick misses the acid blob.
The acid blob is heavily wounded.
You block the slime creature's attack.
You hit the acid blob.
Your hands burn!
* * * LOW HITPOINT WARNING * * *
The acid blob is heavily wounded.
The acid blob spits acid at you. The splash of acid hits you!
* * * LOW HITPOINT WARNING * * *
You hit the acid blob.
You feel better.
Your hands burn!
* * * LOW HITPOINT WARNING * * *
The acid blob is severely wounded.
The slime creature hits you!
* * * LOW HITPOINT WARNING * * *
You emit a cloud of foul miasma!
The acid blob hits you but does no damage.
You hit the acid blob.
Your hands burn!
* * * LOW HITPOINT WARNING * * *
The acid blob is severely wounded.
Unknown command.
You are too berserk!
The acid blob spits acid at you. The splash of acid hits you!
You die...

# #.......#...#.......#...# #
##..........##.....##...# #
##...............#.....#
#####...#.......#..........#
#...##..#.................##
.....#...#.................##
......#.(.........>.........#
...............^...........##
#...............@.........^.#
##...............>.........##
##.#.....#......JJ.........#
#.#.......................##
..........................##
......#....................#
..#.##....#................##
..###.....#.................#
.###.....#...#..............#


You could see an acid blob and a slime creature.

Vanquished Creatures
  An acid blob (Slime:1)
  An azure jelly (Slime:1)
  2 quicksilver oozes
  A fire dragon (D:10)
  A great orb of eyes (Slime:1)
  3 hydras
  2 boulder beetles (D:11)
  2 centaur warriors (D:11)
  An ogre mage (D:11)
  3 two-headed ogres
  3 tengu warriors
  A fire crab (Lair:2)
  An orc knight (Bailey)
  A wolf spider (D:11)
  2 manticores
  3 shining eyes
  An ugly thing (D:12)
  An oklob plant (Lair:4)
  4 cyclopes (D:11)
  5 black mambas
  12 elephants
  6 cane toads
  3 kobold demonologists
  A gargoyle (D:6)
  An unseen horror (D:11)
  A yaktaur (D:10)
  2 rime drakes
  6 komodo dragons
  A polar bear (Lair:4)
  2 trolls
  3 hornets
  A wind drake (Lair:3)
  12 dream sheep
  11 slime creatures
  11 blink frogs
  Sigmund (D:4)
  5 wyverns
  3 vampires
  4 shadows
  2 wraiths
  39 yaks
  The ghost of BigDaddyOpFi the Chopper, an amateur HOMo of Beogh (D:4)
  3 basilisks
  8 vampire mosquitoes
  Eustachio (D:5)
  2 steam dragons (D:8)
  Edmund (D:4)
  Menkaure (D:4)
  An acid dragon (D:11)
  9 water moccasins
  15 orc warriors
  3 black bears
  2 ice beasts
  3 ogres
  28 wolves
  8 centaurs
  3 phantoms (D:5)
  4 kobold brigands
  A necrophage (D:4)
  12 bullfrogs
  4 scorpions
  4 gnoll sergeants
  20 killer bees
  4 howler monkeys
  9 orc priests
  8 hounds
  10 jellies
  4 gnoll boudas
  Crazy Yiuf (D:5)
  6 iguanas
  17 orc wizards
  8 adders
  23 gnolls
  A shadow imp (D:8)
  3 white imps
  3 ufetubi
  A worm (D:3)
  2 dart slugs
  42 orcs
  6 endoplasms
  4 giant cockroaches
  6 goblins
  3 hobgoblins
  7 jackals
  25 kobolds
  4 quokkas
  4 ball pythons
  5 bats
  3 frilled lizards
  8 rats
517 creatures vanquished.

Vanquished Creatures (others)
  An ice beast (D:7)
  A sky beast (D:7)
  A bullfrog (D:7)
  A kobold brigand (D:11)
  A wight (D:7)
  A jelly (D:7)
  21 fungi
  44 plants
71 creatures vanquished.

Grand Total: 588 creatures vanquished

Notes
Turn   | Place    | Note
-------+----------+-------------------------------------------
     0 | D:1      | SensoryNuts the Demonspawn Fighter began the quest for the
                  | Orb.
     0 | D:1      | Reached XP level 1. HP: 18/18 MP: 1/1
   341 | D:1      | Gained mutation: You may rarely emit foul miasma when
                  | damaged in melee. [demonic ancestry]
   341 | D:1      | Reached XP level 2. HP: 4/24 MP: 2/2
   745 | D:1      | Reached skill level 2 in Long Blades
  1505 | D:2      | Found a faded altar of an unknown god.
  1579 | D:2      | Reached XP level 3. HP: 16/29 MP: 3/3
  2296 | D:3      | Gained mutation: You have large cloven feet. [demonic
                  | ancestry]
  2296 | D:3      | Reached XP level 4. HP: 35/35 MP: 4/4
  2296 | D:3      | Found a basalt altar of Yredelemnul.
  2424 | D:3      | Reached skill level 3 in Long Blades
  2458 | D:3      | Gained mutation: You have hoof-like feet. [demonic
                  | ancestry]
  2458 | D:3      | Reached XP level 5. HP: 30/41 MP: 5/5
  3166 | D:4      | Reached skill level 4 in Long Blades
  3390 | D:4      | Noticed BigDaddyOpFi's ghost (amateur HOMo)
  3400 | D:4      | Reached XP level 6. HP: 46/47 MP: 6/6
  3403 | D:4      | Found a runed translucent door.
  3784 | D:4      | Noticed Sigmund
  3788 | D:4      | Killed Sigmund
  3789 | D:4      | Reached skill level 5 in Long Blades
  3789 | D:4      | Reached skill level 1 in Dodging
  3789 | D:4      | Gained mutation: You are partially covered in slimy green
                  | scales. (AC +2) [demonic ancestry]
  3789 | D:4      | Reached XP level 7. HP: 52/52 MP: 7/7
  3835 | D:4      | Noticed Menkaure
  3844 | D:4      | Killed Menkaure
  4310 | D:4      | Killed BigDaddyOpFi's ghost
  4311 | D:4      | Reached skill level 6 in Long Blades
  4383 | D:4      | Identified a scroll of acquirement
  4383 | D:4      | Acquired 999 gold pieces
  4518 | D:5      | Entered Level 5 of the Dungeon
  4699 | D:5      | Gained mutation: You sometimes emit foul miasma when
                  | damaged in melee. [demonic ancestry]
  4699 | D:5      | Reached XP level 8. HP: 60/60 MP: 8/8
  4726 | D:5      | Reached skill level 7 in Long Blades
  5034 | D:5      | HP: 2/60 [something (3)]
  5535 | D:5      | Reached skill level 8 in Long Blades
  5554 | D:5      | Reached skill level 5 in Armour
  5953 | D:5      | Found a runed translucent door.
  5954 | D:5      | Noticed Crazy Yiuf
  6008 | D:5      | Gained mutation: Your system is resistant to poisons.
                  | (rPois) [potion of mutation]
  6019 | D:5      | Reached skill level 1 in Stealth
  6323 | D:5      | Killed Crazy Yiuf
  6324 | D:5      | Gained mutation: You sometimes gain a little power by
                  | taking damage. [demonic ancestry]
  6324 | D:5      | Reached XP level 9. HP: 66/66 MP: 9/9
  6427 | D:5      | Lost mutation: Your system is resistant to poisons. (rPois)
                  | [potion of mutation]
  6427 | D:5      | Gained mutation: You are frail. (-10% HP) [potion of
                  | mutation]
  6474 | D:6      | Noticed Eustachio
  6560 | D:6      | Noticed Edmund
  6576 | D:5      | Killed Eustachio
  6623 | D:4      | Killed Edmund
  6833 | D:5      | Reached skill level 9 in Long Blades
  7733 | D:6      | Reached skill level 5 in Shields
  7734 | D:6      | Noticed a gargoyle
  7751 | D:6      | HP: 1/90 [gargoyle/stone arrow (26)]
  7752 | D:6      | Killed a gargoyle
  7753 | D:6      | Reached skill level 5 in Fighting
  7753 | D:6      | Reached skill level 10 in Long Blades
  8848 | D:6      | Gained mutation: You sometimes gain power by taking damage.
                  | [demonic ancestry]
  8848 | D:6      | Reached XP level 10. HP: 31/66 MP: 10/10
  9564 | D:7      | Found a staircase to the Ecumenical Temple.
 10001 | D:8      | Found Kaladi's Book Shop.
 10014 | D:8      | Noticed a tengu warrior
 10025 | D:8      | Killed a tengu warrior
 10037 | D:8      | Reached skill level 11 in Long Blades
 10046 | D:8      | Found the +18 Lear's hauberk
 10095 | D:8      | Found a flagged portal.
 10192 | Bailey   | Entered a bailey
 10632 | Bailey   | Noticed an orc knight
 10648 | Bailey   | Killed an orc knight
 10962 | Bailey   | Identified the +5 short sword "Fyun" {vorpal, rPois rN+
                  | Will+}
 11406 | D:8      | Gained mutation: You are mostly covered in slimy green
                  | scales. (AC +3) [demonic ancestry]
 11406 | D:8      | Reached XP level 11. HP: 65/72 MP: 11/11
 11917 | D:8      | Reached skill level 12 in Long Blades
 12187 | D:9      | Paralysed by a hornet for 1 turns
 12677 | D:10     | Entered Level 10 of the Dungeon
 12851 | D:10     | Found a staircase to the Orcish Mines.
 12866 | D:10     | Found a radiant altar of Vehumet.
 12957 | D:10     | Noticed a fire dragon
 12972 | D:10     | Killed a fire dragon
 13118 | D:10     | Noticed a tengu warrior
 13118 | D:10     | Noticed a two-headed ogre
 13125 | D:10     | Killed a two-headed ogre
 13133 | D:10     | Killed a tengu warrior
 13134 | D:10     | Reached skill level 13 in Long Blades
 13864 | D:11     | Noticed a four-headed hydra
 13876 | D:11     | Killed a 13-headed hydra
 14107 | D:11     | Noticed a boulder beetle
 14116 | D:11     | Gained mutation: You have hooves in place of feet. [demonic
                  | ancestry]
 14116 | D:11     | Reached XP level 12. HP: 59/80 MP: 12/12
 14126 | D:11     | Killed a boulder beetle
 14128 | D:11     | Noticed a two-headed ogre
 14136 | D:11     | Noticed a boulder beetle
 14142 | D:11     | Killed a two-headed ogre
 14180 | D:11     | Killed a boulder beetle
 14696 | D:11     | Reached skill level 14 in Long Blades
 14704 | D:11     | Noticed a two-headed ogre
 14716 | D:11     | Killed a two-headed ogre
 14717 | D:11     | Reached skill level 10 in Shields
 15470 | D:11     | Found Orchemar's Antique Armour Shoppe.
 15477 | D:11     | Found Tugix's Antique Armour Boutique.
 15614 | D:11     | Bought the +1 cloak of Starlight {*Dazzle EV+4 Stlth--} for
                  | 823 gold pieces
 15614 | D:11     | Found the +1 cloak of Starlight {*Dazzle EV+4 Stlth--}
 15635 | D:11     | Found Ideett's Antique Weapon Shop.
 15794 | D:11     | Found a staircase to the Lair.
 15813 | D:11     | Found Hosiah's General Store.
 15949 | D:11     | Noticed a centaur warrior
 15950 | D:11     | Noticed a centaur warrior
 15955 | D:11     | Killed a centaur warrior
 15963 | D:11     | Killed a centaur warrior
 15974 | D:11     | Noticed an ogre mage
 16009 | D:11     | Paralysed by an ogre mage for 3 turns
 16303 | D:11     | Killed an ogre mage
 16543 | D:12     | Found a stormy altar of Qazlal.
 16675 | D:12     | Noticed a seven-headed hydra
 16693 | D:12     | Killed a 19-headed hydra
 16694 | D:12     | Gained mutation: You frequently emit foul miasma when
                  | damaged in melee. [demonic ancestry]
 16694 | D:12     | Reached XP level 13. HP: 47/88 MP: 13/13
 16944 | D:12     | Noticed Rupert
 16946 | D:12     | Paralysed by Rupert for 3 turns
 17028 | Lair:1   | Entered Level 1 of the Lair of Beasts
 18626 | Lair:1   | Acquired a +1 vampiric demon blade
 18911 | Lair:2   | Reached skill level 5 in Dodging
 18983 | Lair:2   | Reached skill level 15 in Long Blades
 19147 | Lair:2   | Identified the +3 short sword "Ficrizao" {pain, *Corrode
                  | Str+3 Dex+7}
 19162 | Lair:2   | Found a staircase to the Snake Pit.
 19249 | Lair:2   | Found a frozen archway.
 20318 | Lair:3   | Noticed Daunt's ghost (journeyman TrBe)
 20326 | Lair:3   | Found a runed translucent gate.
 20326 | Lair:3   | Found a runed translucent gate.
 20342 | Lair:3   | Found a staircase to the Shoals.
 20343 | Lair:3   | Found a runed translucent gate.
 21287 | Lair:4   | Reached XP level 14. HP: 91/95 MP: 14/14
 21305 | Lair:4   | Found a staircase to the Slime Pits.
 21943 | Slime:1  | Entered Level 1 of the Pits of Slime
 22024 | Slime:1  | Noticed a quicksilver ooze
 22032 | Slime:1  | Gained mutation: You are partially covered in large bone
                  | plates. (SH +4) [a shining eye]
 22043 | Slime:1  | Gained mutation: You are clumsy. (Dex -2) [a shining eye]
 22258 | Lair:4   | Killed a quicksilver ooze
 22366 | Slime:1  | Gained mutation: You sometimes lose your temper in combat.
                  | [a shining eye]
 22401 | Slime:1  | Noticed a quicksilver ooze
 22402 | Slime:1  | Gained mutation: You expend magic power (3 MP) to
                  | strengthen your wands. [a shining eye]
 22403 | Slime:1  | Gained mutation: Armour fits poorly on your strangely
                  | shaped body. [a shining eye]
 22409 | Slime:1  | Gained mutation: You occasionally lose the ability to drink
                  | potions when taking damage. [a shining eye]
 22413 | Slime:1  | Killed a quicksilver ooze
 22413 | Slime:1  | Gained mutation: Your spells are a little easier to cast,
                  | but a little less powerful. [a shining eye]
 22415 | Slime:1  | Gained mutation: You have an uncontrollable temper. [a
                  | shining eye]
 22572 | Slime:1  | Noticed an acid blob
 22930 | Slime:1  | Killed an acid blob
 22931 | Slime:1  | Reached skill level 16 in Long Blades
 23212 | Slime:1  | Noticed an azure jelly
 23225 | Slime:1  | Killed an azure jelly
 23590 | Slime:2  | Noticed an acid blob
 23611 | Slime:1  | HP: 6/145 [acid (3)]
 23612 | Slime:1  | Killed from afar by an acid blob

Illustrated notes

Levels and vault maps discovered:
D:1:      mrwooster_arrival_statue_3, layout_basic
D:2:      layout_basic, chequers_ecumenical_altar_simple
D:3:      layout_basic, mainiacjoe_overflow_six_doors_small,
          kennysheep_generic_room_16
D:4:      layout_gridville, hellmonk_ghost_happy_afterlife, bh_walls_and_bars,
          uniq_menkaure, uniq_sigmund
D:5:      layout_rooms, minmay_manual_mail, uniq_crazy_yiuf_cottage
D:6:      layout_cave_pools, serial_gnoll_camp, gnoll_camp_mini_doghouse,
          gnoll_camp_mini_basic, gnoll_camp_huts_basic, gnoll_camp_mini_basic,
          gnoll_camp_mini_hut, minmay_misc_feat_chi, kennysheep_path_1,
          uniq_edmund, uniq_eustachio
D:7:      layout_basic, minmay_temple_entry_stoned_glass, wad_rectangle_vault
D:8:      layout_basic, serial_shops, nicolae_shop_advertising_works
          [nicolae_subvault_shop_adworks], enter_bailey_2,
          hellmonk_guarded_unrand_lears
D:9:      layout_basic, minmay_misc_feat_four_crosses
D:10:     wad_arrow_thing, layout_irregular_city, kennysheep_mini
D:11:     minmay_the_grid_octo_tiled_octocenter_mashed
          [minmay_the_grid_octo_toaster, minmay_the_grid_octo_clover,
          minmay_the_grid_octo_77, minmay_the_grid_octo_vomiting_pacman,
          minmay_the_grid_octo_prize_single_spiral,
          minmay_the_grid_square_5x5_doubleslash,
          minmay_the_grid_square_5x5_mess, minmay_the_grid_square_5x5_tri_point,
          minmay_the_grid_square_5x5_n_small], layout_rooms,
          grunt_lair_entry_orc_guard_hut, serial_shops,
          nicolae_shop_temple_entry_statues_fountains, shop, shop, shop,
          minivault_11
D:12:     layout_irregular_city, grunt_qazlal_sundering, uniq_nessos,
          uniq_erolcha, uniq_rupert
Lair:1:   layout_layer_cave, beast_lair_carwin_1
Lair:2:   layout_gridlike, dummy_snake_entry,
          portal_ice_cave_entry_ice_simulacra, grunt_forest_stairs_basic,
          minmay_shattered_shrine, lemuel_fruit_tree
Lair:3:   layout_chaotic_city, minmay_shoals_entry_beasts, gammafunk_ghost_split
Lair:4:   layout_roguey, slime_entry_1, lemuel_fruit_fields, grunt_megastairs_2
Slime:1:  nicolae_slime_jelly_donut, layout_caves,
          cheibrodos_slime_lost_civilization_5
Slime:2:  layout_caves, uniq_dissolution

Skill      XL: |  1  2  3  4  5  6  7  8  9 10 11 12 13 14 |
---------------+-------------------------------------------+-----
Long Blades    | 2 3 4 5 6 8 10 11 13 14 15 16 | 16.0
Armour         | 3 4 5 6 7 8 9 |  9.6
Shields        | 3 4 5 7 9 11 13 | 13.9
Dodging        | 1 2 3 4 5 |  5.5
Fighting       | 4 5 6 7 8 9 |  9.4
Stealth        | 1 2 3 |  3.2
Evocations     | |  0.7

Action                   |  1- 3 |  4- 6 |  7- 9 | 10-12 | 13-15 || total
-------------------------+-------+-------+-------+-------+-------++-------
Melee: Long sword        |   113 |    93 |   398 |   815 |   186 ||  1605
       Kick              |       |    25 |   106 |   289 |   361 ||   781
       Demon blade       |       |       |       |       |   635 ||   635
Throw: Throwing net      |       |       |       |       |     2 ||     2
Evoke: Wand              |       |       |       |       |    15 ||    15
  Use: Scroll            |     9 |     1 |     3 |    12 |    10 ||    35
       Potion            |     1 |     1 |    13 |       |     1 ||    16
 Stab: Invisible         |       |       |       |     1 |    17 ||    18
Armor: Scale mail        |    74 |    36 |   197 |       |       ||   307
       Skin              |       |       |    11 |       |       ||    11
       Chain mail        |       |       |       |   485 |   235 ||   720
       Ring mail         |       |       |       |    24 |       ||    24
Dodge: Dodged            |    55 |    52 |   390 |   460 |   388 ||  1345
       Repelled          |       |     1 |       |     5 |       ||     6
Block: Buckler           |    37 |    20 |   157 |   114 |       ||   328
       Kite shield       |       |       |       |   426 |   767 ||  1193
       Reflection        |       |       |       |    11 |     4 ||    15
